 Dungeon Crawl Stone Soup version 0.25-a0-479-g8579842fd4 (webtiles) character file.

Game seed: 17955625508579205285, levelgen mode: deterministic

41 Error4North the Skirmisher (level 3, -3/33 HPs)
             Began as a Hill Orc Fighter on Feb 9, 2020.
             Slain by a worm (7 damage)
             ... on level 2 of the Dungeon.
             The game lasted 00:03:00 (1056 turns).

Error4North the Skirmisher (Hill Orc Fighter)       Turns: 1056, Time: 00:03:01

Health: -3/33      AC:  6    Str: 19    XL:     3   Next: 52%
Magic:  3/3        EV:  7    Int:  8    God:
Gold:   55         SH:  9    Dex: 10    Spells: 2/2 levels left

rFire    . . .     SeeInvis .   a - +0 war axe
rCold    . . .     Gourm    .   c - +0 shield
rNeg     . . .     Faith    .   b - +0 scale mail
rPois    .         Spirit   .   (no helmet)
rElec    .         Reflect  .   (no cloak)
rCorr    .         Harm     .   (no gloves)
MR       .....                  (no boots)
Stlth    ..........             (no amulet)
HPRegen  0.11/turn              (no ring)
MPRegen  0.08/turn              (no ring)

@: no status effects
A: no striking features
a: no special abilities


You were on level 2 of the Dungeon.
You were hungry.

You visited 1 branch of the dungeon, and saw 2 of its levels.

You collected 55 gold pieces.

Inventory:

Hand Weapons
 a - a +0 war axe (weapon)
 i - a +2 hunting sling of flaming
Missiles
 j - 17 sling bullets
Armour
 b - a +0 scale mail (worn)
 c - a +0 shield (worn)
Jewellery
 n - an uncursed ring of wizardry {unknown}
Scrolls
 e - 2 scrolls of identify {unknown}
 g - a scroll of teleportation {unknown}
 k - a scroll of noise {unknown}
 m - a scroll of remove curse {unknown}
Potions
 d - a potion of might
 h - 2 potions of lignification {unknown}
 l - a potion of curing {unknown}
 o - a potion of degeneration {unknown}
Comestibles
 f - 5 rations


   Skills:
 + Level 4.1 Fighting
 + Level 3.3 Axes
 * Level 3.6 Armour
 * Level 4.0 Shields


You had 2 spell levels left.
You didn't know any spells.
Your spell library was empty.

Dungeon Overview and Level Annotations

Branches:
Dungeon (2/15)

Altars:
Fedhas


Message History

The worm is heavily wounded.
The worm bites you.
You hit the worm.
The worm is heavily wounded.
The worm bites you!
* * * LOW HITPOINT WARNING * * *
You hit the worm.
The worm is severely wounded.
The worm bites you.
* * * LOW HITPOINT WARNING * * *
You hit the worm.
The worm is almost dead.
The worm closely misses you.
Press: ? - help, v - describe, . - travel
Here: a worm (severely wounded)
The floor.
Your shield prevents you from hitting the worm.
The worm is severely wounded.
The worm bites you!
You die...

.... ##......######
.... #...........#
.$... #.......###.#
..... ##..#.#.#
...... ##.##.#...
......###..##......
...............####..
........)...##.(# .
.........@w####w#
......####.......
.>.... ........ .....
.......( ###..
....... #. ....... ..
....... .$..#..


You could see a worm.

Vanquished Creatures
  3 dart slugs (D:1)
  5 bats (D:1)
  6 giant cockroaches (D:1)
  6 goblins
  5 hobgoblins (D:1)
  A kobold (D:1)
  2 frilled lizards (D:1)
  A rat (D:1)
29 creatures vanquished.

Notes
Turn   | Place    | Note
-------+----------+-------------------------------------------
     0 | D:1      | Error4North the Hill Orc Fighter began the quest for the
                  | Orb.
     0 | D:1      | Reached XP level 1. HP: 19/19 MP: 1/1
   155 | D:1      | Reached XP level 2. HP: 25/27 MP: 2/2
   271 | D:1      | Reached XP level 3. HP: 24/33 MP: 3/3
  1030 | D:2      | Found a blossoming altar of Fedhas.
  1056 | D:2      | Slain by a worm

Levels and vault maps discovered:
D:1:      matt_arrival_refuge, layout_loops_corners, chequers_decorated_corner,
          minmay_pentomino_q2
D:2:      minmay_thinvault, layout_rooms, fedhas_altar_3, first_ration,
          minmay_circle_x

Skill      XL: |  1  2  3 |
---------------+----------+-----
Fighting       | 4 |  4.1
Axes           | 3 |  3.3
Shields        | 4 |  4.0
Armour         | |  3.6

Action                   || total
-------------------------++-------
Melee: War axe           ||    91
Armor: Scale mail        ||    30
Dodge: Dodged            ||    25
Block: Shield            ||    48

Table legend:
 A = Non-vault XP
 B = Vault XP
 C = Vault XP percentage of total XP
 D = Non-vault monster count
 E = Vault monster count
 F = Vault count percentage of total count
                 A         B        C        D         E       F
            +---------+---------+-------+---------+---------+-------
      Total |      55 |       4 |   6.8 |      27 |       2 |   6.9
            +---------+---------+-------+---------+---------+-------
        D:1 |      53 |       4 |   7.0 |      26 |       2 |   7.1
        D:2 |       2 |       0 |   0.0 |       1 |       0 |   0.0
            +---------+---------+-------+---------+---------+-------
